AoeStats
← St. Stacy

African Clearing

504115820Analyzed
2v2 RM · 29d ago on Sep 4, 2026· 68m 1s· 4 players
Game mode
Random Map
Map size
Medium (4 player)
Population
200
Speed
Normal
Resources
Standard
Victory
Conquest
Starting age
Dark Age
Ending age
Imperial Age
RankedLock teamsTeams togetherTeam positionsShared explorationLock speedFull tech treeHidden civsTurbo modeCheats
Victory
Defeat
🇺🇸 Magyars · United States
824
+15
🇺🇸 Armenians · United States
809
+15
🇺🇸 Wei · United States
810
-16
🇬🇧 Saracens · United Kingdom
780
-24
Wick
4:16 Loom
14:05 Feudal Age
16:48 Double-Bit Axe
18:28 Wheelbarrow
25:21 Castle Age
23:11 Horse Collar
24:50 Fletching
26:05 Pikeman
26:46 Squires
30:23 Heavy Plow
34:15 Tuntian
37:28 Bodkin Arrow
37:43 Forging
42:09 Iron Casting
41:37 Scale Mail Armor
41:44 Scale Barding Armor
44:21 Imperial Age
44:39 Hand Cart
45:28 Conscription
45:38 Bow Saw
44:59 Capped Ram
45:55 Siege Ram
50:52 Halberdier
51:31 Elite Tiger Cavalry
59:32 Arson
67:44 Blast Furnace
66:46 Bracer
67:07 Chain Barding Armor
St. Stacy
3:49 Loom
4:15 Loom
17:23 Feudal Age
18:37 Man-at-Arms
23:36 Double-Bit Axe
25:26 Arson
30:43 Castle Age
35:03 Bow Saw
63:03 Bloodlines
65:20 Light Cavalry
Who Keef Rirrie?
15:05 Feudal Age
13:22 Loom
15:17 Man-at-Arms
16:12 Long Swordsman
20:42 Scale Mail Armor
20:52 Forging
24:12 Castle Age
24:38 Double-Bit Axe
24:48 Elite Skirmisher
25:11 Elite Skirmisher
27:13 Fletching
37:46 Two-Handed Swordsman
42:30 Bow Saw
42:11 Gold Mining
42:11 Stone Mining
43:18 Iron Casting
42:58 Chain Mail Armor
46:19 Imperial Age
44:14 Bodkin Arrow
45:17 Gold Shaft Mining
47:20 Gambesons
48:52 Ballistics
48:43 Masonry
48:29 Murder Holes
49:10 Plate Mail Armor
69:26 Blast Furnace
68:27 Bracer
Who Keef Rirrie??
18:23 Feudal Age
16:39 Loom
19:42 Double-Bit Axe
21:10 Bloodlines
21:45 Scale Barding Armor
25:17 Scale Mail Armor
29:29 Wheelbarrow
32:48 Padded Archer Armor
32:41 Fletching
37:08 Castle Age
38:17 Hand Cart
39:25 Chain Barding Armor
42:34 Gold Mining
42:36 Stone Mining
58:28 Bow Saw
58:59 Gold Shaft Mining
59:19 Masonry
61:44 Corvinian Army
62:15 Horse Collar
67:52 Husbandry
67:43 Treadmill Crane
Connection lost

Rejoining the realm…

Still unreachable

The connection could not be restored.

Session expired

The server has moved on; the page needs a fresh start.